 Dungeon Crawl Stone Soup version 0.22.1-5-g62c59d9 (webtiles) character file.

145 Loza the Shield-Bearer (level 5, -16/47 HPs)
             Began as a Hill Orc Fighter on Jan 10, 2019.
             Was an Initiate of Ru.
             Demolished by a shadow (22 damage)
             ... created by the darkness of Dithmenos
             ... on level 3 of the Dungeon.
             The game lasted 00:12:34 (2775 turns).

Loza the Shield-Bearer (Hill Orc Fighter)           Turns: 2775, Time: 00:12:34

Health: -16/47     AC:  9    Str: 20    XL:     5   Next: 27%
Magic:  5/5        EV:  8    Int:  8    God:    Ru [......]
Gold:   123        SH: 11    Dex: 10    Spells: 4/4 levels left

rFire    . . .     SeeInvis .   a - +0 flail
rCold    . . .     Gourm    .   n - +2 shield
rNeg     . . .     Faith    .   b - +0 scale mail
rPois    .         Spirit   .   (no helmet)
rElec    .         Reflect  .   (no cloak)
rCorr    .         Harm     .   j - +0 pair of gloves
MR       .....                  u - +0 pair of boots
Stlth    ..........             (no amulet)
HPRegen  0.15/turn              (no ring)
MPRegen  0.09/turn              (no ring)

@: no status effects
A: no striking features
a: Renounce Religion


You were on level 3 of the Dungeon.
You worshipped Ru.
Ru was noncommittal.
You were not hungry.

You visited 1 branch of the dungeon, and saw 3 of its levels.

You collected 145 gold pieces.
You paid 22 gold pieces to Gozag.

Inventory:

Hand Weapons
 a - a +0 flail (weapon)
Armour
 b - a +0 scale mail (worn)
 c - a +0 shield
 i - a +0 ring mail
 j - a +0 pair of gloves (worn)
 n - a +2 shield (worn)
 u - a +0 pair of boots (worn)
Jewellery
 m - an uncursed ring of magical power {unknown}
Scrolls
 g - a scroll of random uselessness {unknown}
 h - a scroll of magic mapping {unknown}
 k - 2 scrolls of identify {unknown}
 l - a scroll of enchant armour {unknown}
 o - a scroll of immolation {unknown}
 p - a scroll of fog {unknown}
 q - a scroll of teleportation {unknown}
 r - 2 scrolls of remove curse {unknown}
Potions
 d - a potion of might
 e - a potion of curing {unknown}
 s - 3 potions of degeneration {unknown}
 t - a potion of magic {unknown}
Comestibles
 f - 3 rations


   Skills:
 + Level 4.3 Fighting
 + Level 3.7 Maces & Flails
 + Level 3.6 Armour
 + Level 1.0 Dodging
 + Level 0.3 Stealth
 + Level 4.3 Shields


You had 4 spell levels left.
You didn't know any spells.
Your spell library was empty.

Dungeon Overview and Level Annotations

Branches:
Dungeon (3/15)

Altars:
Dithmenos
Gozag
Qazlal
Ru


Message History

The shadow is heavily damaged.
You block the shadow's attack. You block the shadow demon's attack.
The shadow demon hits you. The shadow closely misses you.
You closely miss the shadow demon.
The shadow demon hits you but does no damage.
The shadow demon hits you!
* * * LOW HITPOINT WARNING * * *
The shadow barely misses you.
You sock the shadow!
The shadow is almost destroyed.
The shadow demon barely misses you.
The shadow demon gestures.
The shadow hits you!
* * * LOW HITPOINT WARNING * * *
You block the shadow demon's attack. x2
You sock the shadow!
You destroy the shadow!
That felt strangely unrewarding.
The shadow strikes at you from the darkness!
You die...

.....#...#
.....###.########
...............>#
####..##....###.# #
#..##....# #.#
####..##....# #4#
......##....# #.#
.####.##....###2######
................@234.#
.........#####.#####.#
'##..............
).....##....... #
.........#.....
.........#.####
............
..#'#.####.## ........


You could see 2 shadow demons, a rust devil, a sixfirhy and a chaos spawn.

Vanquished Creatures
  A shadow (D:3)
  A worker ant (D:3)
  2 adders (D:3)
  A shadow imp (D:3)
  3 oozes
  2 worms
  3 dart slugs
  2 leopard geckos (D:1)
  2 orcs (D:3)
  3 giant cockroaches
  8 goblins
  6 hobgoblins
  3 jackals (D:2)
  A quokka (D:2)
  A ball python (D:3)
  7 bats
  2 frilled lizards
  11 kobolds
  11 rats
70 creatures vanquished.

Notes
Turn   | Place    | Note
-------+----------+-------------------------------------------
     0 | D:1      | Loza the Hill Orc Fighter began the quest for the Orb.
     0 | D:1      | Reached XP level 1. HP: 19/19 MP: 1/1
   282 | D:1      | Reached XP level 2. HP: 27/27 MP: 2/2
   804 | D:1      | Reached XP level 3. HP: 33/33 MP: 3/3
  1234 | D:2      | Found a stormy altar of Qazlal.
  1591 | D:2      | Found an opulent altar of Gozag.
  1603 | D:2      | Became a worshipper of Gozag Ym Sagoz the Greedy
  1675 | D:2      | Found a shadowy altar of Dithmenos.
  1694 | D:2      | Fell from the grace of Gozag
  1694 | D:2      | Became a worshipper of Dithmenos the Shadowed
  1700 | D:2      | Reached XP level 4. HP: 37/40 MP: 4/4
  2327 | D:3      | Reached skill level 1 in Dodging
  2406 | D:3      | Found a sacrificial altar of Ru.
  2430 | D:3      | Fell from the grace of Dithmenos
  2430 | D:3      | Became a worshipper of Ru the Awakened
  2524 | D:3      | Found a faded altar of an unknown god.
  2586 | D:3      | Reached XP level 5. HP: 46/46 MP: 5/5
  2642 | D:3      | Was forgiven by Gozag
  2768 | D:3      | Noticed a shadow demon
  2768 | D:3      | Noticed a shadow demon
  2768 | D:3      | Noticed a shadow
  2768 | D:3      | Noticed a shadow
  2771 | D:3      | Noticed a rust devil
  2772 | D:3      | Noticed a sixfirhy
  2775 | D:3      | Noticed a chaos spawn
  2775 | D:3      | Killed a shadow
  2775 | D:3      | Demolished by a shadow

Skill      XL: |  1  2  3  4 |
---------------+-------------+-----
Shields        | 4 |  4.3
Maces & Flails | 3 |  3.7
Fighting       | 4 |  4.3
Dodging        | 1 |  1.0
Armour         | |  3.6
Stealth        | |  0.3

Action                   |  1- 3 |  4- 6 || total
-------------------------+-------+-------++-------
Melee: Flail             |   153 |   164 ||   317
  Use: Scroll            |     1 |       ||     1
  Eat: Ration            |     1 |     1 ||     2
Armor: Scale mail        |    74 |    70 ||   144
Dodge: Dodged            |    43 |    65 ||   108
Block: Shield            |    93 |   126 ||   219
